 Dungeon Crawl Stone Soup version 0.28.0-53-g5a82cb258f (webtiles) character file.

Game seed: 11127065671654296682

3794 Sanktem7 the Fighter (level 9, -7/85 HPs)
             Began as a Minotaur Fighter on June 2, 2022.
             Was a Believer of Okawaru.
             Killed from afar by Erica (14 damage)
             ... with a bolt of acid
             ... on level 8 of the Dungeon.
             The game lasted 00:22:47 (9205 turns).

Sanktem7 the Fighter (Minotaur Fighter)             Turns: 9205, Time: 00:22:48

Health: -7/85      AC: 14    Str: 24    XL:     9   Next: 96%
Magic:  8/8        EV: 24    Int:  5    God:    Okawaru [**....]
Gold:   456        SH:  5    Dex: 11    Spells: 8/8 levels left

rFire   + . .      SeeInvis .   g - +5 flail (drain) {mace}
rCold   . . .      Faith    .   c - +0 buckler
rNeg    . . .      Spirit   .   b - +2 scale mail {rC+}
rPois   .          Reflect  .   (helmet restricted)
rElec   .          Harm     .   (no cloak)
rCorr   .          Rampage  .   (no gloves)
Will    .....                   (no boots)
Stlth   ..........              r - amulet of the acrobat
HPRegen 0.24/turn               j - +4 ring of protection
MPRegen 0.11/turn               u - ring of fire

@: lethally poisoned (-7 -> -9), acrobatic
A: horns 2, retaliatory headbutt
a: Renounce Religion, Heroism


You were on level 8 of the Dungeon.
You worshipped Okawaru.
Okawaru was pleased with you.
You visited 1 branch of the dungeon, and saw 8 of its levels.
You also visited: Ossuary.

You collected 456 gold pieces.


Innate Abilities, Weirdness & Mutations

You have a pair of horns on your head.
You reflexively headbutt those who attack you in melee.


   Skills:
 * Level 10.1 Fighting
 - Level 5.8(7.6) Axes
 * Level 7.6(8.5) Maces & Flails
 + Level 4.3 Throwing
 + Level 7.5 Armour
 + Level 7.6 Shields


You had 8 spell levels left.
You didn't know any spells.
Your spell library contained the following spells:

 Spells                   Type           Power      Damage    Failure   Level
 Stone Arrow              Conj/Erth      0%         3d7       99%         3
 Lehudib's Crystal Spear  Conj/Erth      0%         10d2      100%        8
 Animate Armour           Summ/Erth      Unusable   N/A       N/A         4

Inventory:

Hand Weapons
 g - a +5 flail of draining (weapon) {mace}
   (You took it off Edmund on level 4 of the Dungeon)
Missiles
 e - 256 stones (quivered) {throwing}
 i - 2 boomerangs {throwing}
 m - 27 sling bullets
 n - 13 poisoned darts {throwing}
 G - 3 silver javelins {throwing}
Armour
 b - a +2 scale mail of cold resistance (worn)
   (You took it off a gnoll sergeant on level 6 of the Dungeon)
 c - a +0 buckler (worn)
 f - a +0 chain mail
   (You found it on level 1 of the Dungeon)
Jewellery
 j - a +4 ring of protection (left hand)
   (You found it on level 1 of the Dungeon)
 r - an amulet of the acrobat (around neck)
   (You found it on level 3 of the Dungeon)
 u - a ring of fire (right hand)
   (You found it on level 3 of the Dungeon)
 w - a +6 ring of intelligence
   (You found it on level 4 of the Dungeon)
 E - a ring of protection from cold
   (You found it on level 4 of the Dungeon)
 F - a ring of see invisible
   (You found it on level 8 of the Dungeon)
Wands
 q - a wand of flame (5)
   (You took it off Grum on level 8 of the Dungeon)
 v - a wand of paralysis (15)
   (You took it off a wight on level 7 of the Dungeon)
 x - a wand of acid (6)
   (You found it on level 7 of the Dungeon)
 z - a wand of iceblast (6)
   (You found it on level 7 of the Dungeon)
Scrolls
 a - a scroll of fog
 h - 4 scrolls of teleportation {@r4}
 o - a scroll of holy word {unknown}
 t - a scroll of noise {unknown}
 y - 3 scrolls of amnesia
 B - a scroll of enchant weapon {unknown}
 C - a scroll of blinking {!r}
Potions
 d - 2 potions of might
 k - 5 potions of curing {@q1}
 l - 6 potions of attraction {!q}
 p - a potion of heal wounds {@q2}
 s - 3 potions of brilliance
 A - a potion of invisibility {unknown}
 D - a potion of haste {unknown}
 H - a potion of lignification {!q}

Dungeon Overview and Level Annotations

Branches:
Dungeon (8/15)             Temple (0/1) D:5         Ossuary (visited)
   Lair: D:8-11

Altars:
Elyvilon
Okawaru
Trog
Wu Jian

Annotations:
D:3 1 runed translucent door, 2bobheroes's ghost, amateur OgFi
D:8 Erica

#.#.....#.#..#.###........#
#.#.....#.#......#####.####
#.#.......#.##.............
.######.#.....###.#..#.#####.####
........{.....................#
.###.#......######...#..####..##
#.....#.#.............# #.†.##
#..#.##.#{########.#.### #.....
#....##.#.....@○...B...# ###.#.
.........##########.#.#.#####...
...!....... ....................
..#....#### ######.#.#.######..
###### ########.#.#.# ##. ...#
#........#...# #.
#.#####........##### #.
#..............# ##.
##..............##### #<.


You could see a boulder beetle.


Message History

Key pressed, stopping explore.
A - a glowing sapphire potion 😎 HP[+33]
Your hp is fully restored (85).
Things that are here:
a +0 mace {mace}; a +0 plate armour
B - a scroll labelled ZUCYURIHAXE
h - 4 scrolls of teleportation {@r4} (gained 1)
You now have 434 gold pieces (gained 16).
D - a bubbling white potion A bullfrog comes into view.
The bullfrog croaks.
A bullfrog is nearby!
The bullfrog completely misses you. x2; You furiously retaliate!
You headbutt the bullfrog! You bludgeon the bullfrog!!
You kill the bullfrog!
Okawaru accepts your kill.
You see here a bullfrog corpse.
e - 256 stones {throwing} (gained 20)
F - a ring of see invisible
H - a potion of lignification {!q} You now have 456 gold pieces (gained 22).
An acid dragon comes into view.
The acid dragon roars!
You hear a shout!
An acid dragon is nearby!
An acid dragon is nearby!
The acid dragon spits acid at you. The splash of acid misses you.
You hit the acid dragon but do no damage.
You headbutt the acid dragon, but do no damage.
The acid dragon bites you. The acid dragon claws you. 😕 HP[-6]
You take 6 damage, and now have 79/85 hp.
You closely miss the acid dragon. You block the acid dragon's attack.
The acid dragon barely misses you.
You hit the acid dragon. You headbutt the acid dragon!
Erica the Fiery-Tempered comes into view.
She is wielding a +0 scimitar of flaming, wearing a +2 robe of cold resistance and carrying a wand of acid (15).
The acid dragon bites you! The acid dragon closely misses you.
A boulder beetle comes into view. 😕 HP[-11]
You take 11 damage, and now have 68/85 hp.
You sock the acid dragon! You block the acid dragon's attack.
The acid dragon claws you but does no damage.
The boulder beetle curls into a ball and begins rolling!
You hit the acid dragon. Your headbutt misses the acid dragon.
The acid dragon bites you but does no damage.
The acid dragon claws you but does no damage. 😕 HP[+1]
You closely miss the acid dragon. You headbutt the acid dragon.
You kill the acid dragon!
Okawaru accepts your kill. Erica completely misses you.
The boulder beetle hits you!!
* * * LOW HITPOINT WARNING * * *
The boulder beetle stops rolling and uncurls. 😨 HP[-35]
You take 35 damage, and now have 34/85 hp.
MASSIVE DAMAGE!! (PAUSE) Erica casts a spell at you.
The bolt of poison hits you!
You are poisoned.
* * * LOW HITPOINT WARNING * * *
The boulder beetle closely misses you. 😨 HP[-11]
You take 11 damage, and now have 23/85 hp.
* * * LOW HITPOINT WARNING * * *
You feel very sick. 😱 HP[-4]
You take 4 damage, and now have 19/85 hp.
You feel very sick. 😱 HP[-3]
You take 3 damage, and now have 16/85 hp.
You feel very sick.
Erica gestures wildly while chanting.
Erica flickers and vanishes!
Deactivating autopickup; reactivate with Ctrl-A. 😱 HP[-3]
You take 3 damage, and now have 13/85 hp.
You feel sick. 😱 HP[-2]
You take 2 damage, and now have 11/85 hp.
You feel sick. 😱 HP[-1]
You take 1 damage, and now have 10/85 hp.
You feel sick.
The boulder beetle leaps! 😱 HP[-1]
You take 1 damage, and now have 9/85 hp.
You feel sick. 😱 HP[-1]
You take 1 damage, and now have 8/85 hp.
You feel sick.
The boulder beetle leaps!
Something tries to affect you, but you resist. 😱 HP[-1]
You take 1 damage, and now have 7/85 hp.
You feel sick.
You hear a zap.
A bolt of acid appears from out of thin air!
The bolt of acid hits you!
You die...

Skill      XL: |  1  2  3  4  5  6  7  8  9 |
---------------+----------------------------+-----
Axes           | 3 4 5 |  5.8
Fighting       | 4 5 6 7 8 10 | 10.1
Armour         | 4 5 6 7 |  7.5
Shields        | 4 5 6 7 |  7.6
Maces & Flails | 3 5 7 |  7.6
Throwing       | 1 3 4 |  4.3

Action                   |  1- 3 |  4- 6 |  7- 9 || total
-------------------------+-------+-------+-------++-------
Melee: War axe           |    64 |   164 |       ||   228
       Headbutt          |    11 |    33 |    34 ||    78
       Flail             |       |       |   214 ||   214
  Use: Scroll            |       |     4 |     5 ||     9
       Potion            |       |       |     8 ||     8
 Stab: Distracted        |       |     1 |       ||     1
Armor: Scale mail        |     7 |       |    15 ||    22
       Chain mail        |    26 |    53 |   138 ||   217
Dodge: Dodged            |    23 |    66 |   151 ||   240
Block: Buckler           |    19 |    37 |    60 ||   116

Levels and vault maps discovered:
D:1:      evilmike_arrival_hilbert_curve, layout_loops_ring,
          basic_ecumenical_altar, minmay_tromino_v4_b
D:2:      layout_basic, uniq_jessica
D:3:      layout_basic, ebering_ghost_sewer_d
D:4:      minmay_spotlight, layout_rooms, lemuel_crystal_altar,
          chequers_ossuary_entry_cave, uniq_edmund
D:5:      layout_loops_cross, okawaru_gym_becter,
          minmay_temple_entry_enclosed_plants, portal_sewer_entry_f,
          nrook_pool_corridor, uniq_duvessa
D:6:      layout_layer_cave, nicolae_wu_jian_wuxing_cycle, uniq_blork_the_orc
D:7:      layout_rooms, kennysheep_little_box, kennysheep_cross_bottleneck
D:8:      layout_basic, fountainhead, chequers_serial_rivers_micro_c,
          uniq_erica, uniq_grum

Notes
Turn   | Place    | Note
-------+----------+-------------------------------------------
     0 | D:1      | Sanktem7 the Minotaur Fighter began the quest for the Orb.
     0 | D:1      | Reached XP level 1. HP: 19/19 MP: 0/0
     0 | D:1      | magus.rc [v1.9.6]
   213 | D:1      | Reached XP level 2. HP: 25/27 MP: 1/1
   287 | D:1      | Reached skill level 3 in Axes
   404 | D:1      | Reached skill level 4 in Fighting
   579 | D:1      | Reached XP level 3. HP: 27/33 MP: 2/2
   763 | D:1      | Found a faded altar of an unknown god.
   877 | D:2      | Noticed Jessica
   884 | D:2      | Killed Jessica
   885 | D:2      | Reached skill level 4 in Armour
   885 | D:2      | Reached skill level 4 in Shields
  1046 | D:2      | Reached XP level 4. HP: 41/41 MP: 3/3
  1804 | D:3      | Found a runed translucent door.
  1857 | D:3      | You pick up a book of Armaments and begin reading...
  1857 | D:3      | You add the spells Stone Arrow, Animate Armour and
                  | Lehudib's Crystal Spear to your library.
  2513 | D:3      | Noticed a bullfrog
  2513 | D:3      | Noticed 2bobheroes's ghost (amateur OgFi)
  2680 | D:4      | Found a white marble altar of Elyvilon.
  2734 | D:4      | Noticed a black bear
  2747 | D:4      | Killed a black bear
  2748 | D:4      | Reached skill level 5 in Fighting
  2748 | D:4      | Reached skill level 4 in Axes
  2748 | D:4      | Reached XP level 5. HP: 32/48 MP: 4/4
  2785 | D:4      | Noticed Edmund
  2795 | D:4      | HP: 10/45 [Edmund/+5 flail of draining (9)]
  2804 | D:4      | Found a sand-covered staircase.
  2812 | D:4      | HP: 6/43 [Edmund/+5 flail of draining (4)]
  2813 | Ossuary  | Entered an ossuary
  3271 | Ossuary  | Reached XP level 6. HP: 41/55 MP: 5/5
  3517 | Ossuary  | Reached skill level 5 in Axes
  3830 | D:4      | HP: 10/41 [Edmund/+5 flail of draining (6)]
  4222 | D:4      | Reached skill level 6 in Fighting
  4222 | D:4      | Reached skill level 5 in Armour
  4222 | D:4      | Reached skill level 5 in Shields
  4471 | D:4      | Killed Edmund
  4472 | D:4      | Reached XP level 7. HP: 43/60 MP: 6/6
  4856 | D:5      | Entered Level 5 of the Dungeon
  4863 | D:5      | Reached skill level 1 in Maces & Flails
  4950 | D:5      | HP: 16/64 [centaur/arrow (6)]
  4954 | D:5      | Reached skill level 2 in Maces & Flails
  4954 | D:5      | Reached skill level 1 in Throwing
  4957 | D:5      | Reached skill level 7 in Fighting
  5312 | D:5      | Reached skill level 3 in Maces & Flails
  5312 | D:5      | Reached XP level 8. HP: 70/73 MP: 7/7
  5365 | D:5      | Reached skill level 2 in Throwing
  5429 | D:5      | Noticed Duvessa
  5429 | D:5      | Noticed Dowan
  5435 | D:5      | Killed Duvessa
  5436 | D:5      | Reached skill level 4 in Maces & Flails
  5436 | D:5      | Reached skill level 6 in Armour
  5436 | D:5      | Reached skill level 6 in Shields
  5446 | D:5      | Killed Dowan
  5802 | D:5      | Found an iron altar of Okawaru.
  5931 | D:5      | Found a staircase to the Ecumenical Temple.
  6062 | D:5      | Became a worshipper of Warmaster Okawaru
  6534 | D:6      | Noticed Blork the orc
  6539 | D:6      | Killed Blork the orc
  6540 | D:6      | Reached skill level 8 in Fighting
  6658 | D:6      | Found an ornate altar of the Wu Jian Council.
  6810 | D:6      | Reached skill level 5 in Maces & Flails
  6952 | D:6      | HP: 15/75 [something (6)]
  6958 | D:6      | Reached skill level 3 in Throwing
  6958 | D:6      | Reached XP level 9. HP: 18/82 MP: 8/8
  7240 | D:6      | magus.rc [v1.9.6]
  7596 | D:6      | Reached skill level 6 in Maces & Flails
  7805 | D:7      | Reached skill level 9 in Fighting
  7837 | D:7      | Reached * piety under Okawaru
  7880 | D:7      | Reached skill level 7 in Shields
  7888 | D:7      | Reached skill level 7 in Armour
  8520 | D:7      | Found a bloodstained altar of Trog.
  8659 | D:8      | Reached skill level 7 in Maces & Flails
  8830 | D:8      | Noticed Grum
  8840 | D:8      | Killed Grum
  8841 | D:8      | Reached skill level 4 in Throwing
  8842 | D:8      | Reached ** piety under Okawaru
  8954 | D:8      | Reached skill level 10 in Fighting
  9191 | D:8      | Noticed Erica
  9191 | D:8      | Noticed a boulder beetle
  9197 | D:8      | HP: 19/85 [poisoned by Erica (bolt of poison)]
  9202 | D:8      | HP: 9/85 [poisoned by Erica (bolt of poison)]
  9205 | D:8      | Killed from afar by Erica

Vanquished Creatures
  A hornet (D:6)
  A shadow (D:5)
  Grum (D:8)
  A steam dragon (D:8)
  Edmund (D:4)
  An acid dragon (D:8)
  A water moccasin (D:7)
  Duvessa (D:5)
  2 black bears
  2 orc warriors
  A sky beast (D:6)
  An ogre (D:5)
  2 wolves (D:8)
  An ice beast (D:7)
  A centaur (D:5)
  2 phantoms (D:5)
  Blork the orc (D:6)
  2 bullfrogs
  3 gnoll sergeants
  2 water moccasin zombies
  A wyvern skeleton (D:7)
  Dowan (D:5)
  5 wights (D:7)
  An electric eel (D:8)
  2 jellies
  2 orc priests (D:6)
  A gnoll shaman (D:7)
  A bullfrog skeleton (D:5)
  A centaur skeleton (D:7)
  Jessica (D:2)
  2 iguanas
  6 orc wizards
  A hound skeleton (D:4)
  12 mummies (Ossuary)
  15 gnolls
  5 adders
  A white imp (D:5)
  An adder skeleton (D:4)
  A worm (D:2)
  2 dart slugs (D:1)
  6 orcs
  5 endoplasms
  8 giant cockroaches
  8 hobgoblins
  8 jackals
  3 quokkas
  7 ball pythons
  3 bats
  4 frilled lizards
  2 gnoll skeletons (Ossuary)
  6 goblins
  4 goblin skeletons (Ossuary)
  3 kobolds
  2 orc skeletons (Ossuary)
  4 rats (D:1)
  11 rat skeletons (Ossuary)
174 creatures vanquished.

Table legend:
 A = Non-vault XP
 B = Vault XP
 C = Vault XP percentage of total XP
 D = Non-vault monster count
 E = Vault monster count
 F = Vault count percentage of total count
                 A         B        C        D         E       F
            +---------+---------+-------+---------+---------+-------
      Total |    4206 |    1214 |  22.4 |     125 |      49 |  28.2
            +---------+---------+-------+---------+---------+-------
        D:1 |      45 |       2 |   4.3 |      26 |       1 |   3.7
        D:2 |      37 |      37 |  50.0 |      14 |       1 |   6.7
        D:3 |      20 |       0 |   0.0 |       6 |       0 |   0.0
        D:4 |     300 |     188 |  38.5 |      17 |       4 |  19.0
        D:5 |    1010 |     225 |  18.2 |      11 |       8 |  42.1
        D:6 |    1112 |      94 |   7.8 |      24 |       1 |   4.0
        D:7 |     976 |       0 |   0.0 |      19 |       0 |   0.0
        D:8 |     706 |     435 |  38.1 |       8 |       3 |  27.3
    Ossuary |       0 |     233 | 100.0 |       0 |      31 | 100.0
            +---------+---------+-------+---------+---------+-------

Illustrated notes

Table legend:
 A = Kills in this place as a percentage of kills in entire the game.
 B = Kills by you in this place as a percentage of kills by you in the entire game.
 C = Kills by friends in this place as a percentage of kills by friends in the entire game.
 D = Other kills in this place as a percentage of other kills in the entire game.
 E = Experience gained in this place as a percentage of experience gained in the entire game.
 F = Experience gained in this place divided by the number of levels of this place that you have seen.
                   A       B       C       D       E      F
               +-------+-------+-------+-------+-------+----------------------
         Total | 100.0 | 100.0 |   N/A |   N/A | 100.0 | 602.2
       Dungeon |  82.2 |  82.2 |   N/A |   N/A |  95.7 | 648.4
       Ossuary |  17.8 |  17.8 |   N/A |   N/A |   4.3 | 233.0
               +-------+-------+-------+-------+-------+----------------------

Table legend: (Time is in decaauts)
 A = Elapsed time spent in this place.
 B = Non-inter-level travel time spent in this place.
 C = Inter-level travel time spent in this place.
 D = Time resting spent in this place.
 E = Time spent auto-exploring this place.
 F = Levels seen in this place.
 G = Mean time per level.
                   A        B        C        D        E       F      G
               +--------+--------+--------+--------+--------+-----+--------+
         Total |   9327 |   9238 |     89 |   1513 |   5952 |   9 | 1036.3 |
       Dungeon |   8309 |   8220 |     89 |   1076 |   5578 |   8 | 1038.6 |
       Ossuary |   1018 |   1018 |      0 |    437 |    374 |   1 | 1018.0 |
               +--------+--------+--------+--------+--------+-----+--------+

Top non-repeatable levels by time:
     D:5: 1679 daAuts
     D:6: 1259 daAuts
     D:4: 1214 daAuts
 Ossuary: 1018 daAuts
     D:3: 975 daAuts
     D:7: 895 daAuts
     D:1: 862 daAuts
     D:2: 861 daAuts
     D:8: 560 daAuts
